 Dungeon Sprint DCSS version 0.21.1-1-g345015f (webtiles) character file.

1610 Fang the Severer (level 8, -10/86 HPs)
             Began as a Minotaur Berserker on June 4, 2018.
             Was a High Priest of Trog.
             Mangled by a nine-headed hydra (15 damage)
             ... in the Dungeon (Sprint IX: "|||||||||||||||||||||||||||||").
             The game lasted 00:02:17 (633 turns).

Fang the Severer (Minotaur Berserker)                Turns: 633, Time: 00:02:18

Health: -10/86     AC:  2    Str: 27    XL:     8   Next: 63%
Magic:  2/2        EV: 15    Int:  7    God:    Trog [*****.]
Gold:   0          SH:  0    Dex: 10    Spells: 7/7 levels left

rFire    . . .     SeeInvis .   q - +3 battleaxe (antimagic)
rCold    . . .     Gourm    .   (shield currently unavailable)
rNeg     . . .     Faith    .   b - +0 animal skin
rPois    .         Spirit   .   (helmet restricted)
rElec    .         Reflect  .   (no cloak)
rCorr    .         Harm     .   (no gloves)
MR       .....     NoTele   +   (no boots)
Stlth    +.........             (no amulet)
HPRegen  0.24/turn              n - +3 ring of strength
MPRegen  0.08/turn              o - +3 ring of intelligence

@: lethally poisoned (-10 -> -14), berserk cooldown, slowed, very slow
A: retaliatory headbutt, horns 2
a: Berserk, Trog's Hand, Brothers in Arms, Burn Spellbooks, Renounce Religion


You were in the Dungeon.
You worshipped Trog.
Trog was extremely pleased with you.
You were very hungry.

You visited 1 branch

Inventory:

Hand Weapons
 a - a +0 hand axe
 q - a +3 antimagic battleaxe (weapon)
Armour
 b - a +0 animal skin (worn)
Jewellery
 n - a +3 ring of strength (left hand)
 o - a +3 ring of intelligence (right hand)
Wands
 l - a wand of acid (10)
Scrolls
 i - 2 scrolls of blinking
 k - 5 scrolls of remove curse
 s - a scroll of fear
 t - a scroll of identify
 u - 2 scrolls of enchant armour
Potions
 d - 5 potions of curing
 e - 5 potions of heal wounds
 f - a potion of haste
 g - 4 potions of magic
 h - 3 potions of berserk rage
 j - a potion of invisibility
 m - a potion of might
 p - a potion of brilliance
 r - a potion of cancellation
Comestibles
 c - a ration


   Skills:
 + Level 13.5 Fighting
 + Level 15.2 Axes
 + Level 7.4 Armour
 + Level 7.5 Dodging
 + Level 0.5 Stealth


You had 7 spell levels left.
You didn't know any spells.

Dungeon Overview and Level Annotations

Branches:
Dungeon (1/1)

Altars:
Cheibriados
Dithmenos
Elyvilon
Fedhas
Gozag
Hepliaklqana
Kikubaaqudgha
Makhleb
Nemelex Xobeh
Okawaru
Qazlal
Ru
Sif Muna
Trog
Uskayaw
Vehumet
Wu Jian
Xom
Yredelemnul
Zin
The Shining One
Beogh
Jiyva
Lugonu


Innate Abilities, Weirdness & Mutations

You reflexively headbutt those who attack you in melee.
You have a pair of horns on your head.


Message History

You are feeling very hungry.
Unknown command.
You lop one of the eight-headed hydra's heads off!
The seven-headed hydra grows two more!
You slice the nine-headed hydra!! You headbutt the nine-headed hydra!
The nine-headed hydra is severely wounded.
You are no longer berserk.
You are exhausted.
You feel yourself slow down.
You feel sick. The nine-headed hydra bites you.
* * * LOW HITPOINT WARNING * * *
The nine-headed hydra misses you. The nine-headed hydra bites you.
* * * LOW HITPOINT WARNING * * *
The nine-headed hydra barely misses you.
The nine-headed hydra bites you!
* * * LOW HITPOINT WARNING * * *
The nine-headed hydra closely misses you.
The nine-headed hydra bites you but does no damage.
The nine-headed hydra completely misses you.
The nine-headed hydra bites you!
You die...

▓▓▓▓▓▓▓▓▓▓▓▓▓▓▓▓▓▓▓▓▓▓▓▓▓▓▓▓▓▓▓▓▓
....).....'______________________
▓▓▓▓▓▓▓▓▓▓▓▓▓▓▓▓▓▓▓▓▓▓▓▓▓▓▓▓▓▓▓▓▓
.................................
▓▓▓▓▓▓▓▓▓▓▓▓▓▓▓▓▓▓▓▓▓▓▓▓▓▓▓▓▓▓▓▓▓
.'......))....)†@DlF....
▓▓▓▓▓▓▓▓▓▓▓▓▓▓▓▓▓▓▓▓▓▓▓▓


You could see a nine-headed hydra, a spiny frog and a basilisk.

Vanquished Creatures
  2 spiny frogs (D)
  A hornet (D)
  A yak (D)
  A sky beast (D)
  An orc warrior (D)
  A black bear (D)
  An ogre (D)
  2 crocodiles (D)
  A bullfrog (D)
  2 crimson imps (D)
  2 jellies (D)
  An orc wizard (D)
  An adder zombie (D)
  A bat skeleton (D)
  A bat zombie (D)
  2 goblins (D)
  2 hobgoblins (D)
  3 jackals (D)
  A giant cockroach zombie (D)
  A rat (D)
28 creatures vanquished.

Notes
Turn   | Place    | Note
-------+----------+-------------------------------------------
     0 | D        | Fang the Minotaur Berserker began the quest for the Orb.
     0 | D        | Reached XP level 1. HP: 19/19 MP: 0/0
     4 | D        | Reached skill level 4 in Axes
     9 | D        | Reached ** piety under Trog
   180 | D        | Noticed an ogre
   180 | D        | Noticed a sky beast
   185 | D        | Killed an ogre
   185 | D        | Reached *** piety under Trog
   185 | D        | Reached skill level 7 in Axes
   185 | D        | Reached XP level 2. HP: 34/34 MP: 1/1
   185 | D        | Reached XP level 3. HP: 39/39 MP: 2/2
   185 | D        | Reached XP level 4. HP: 47/47 MP: 3/3
   192 | D        | Killed a sky beast
   192 | D        | Reached skill level 9 in Axes
   192 | D        | Reached skill level 5 in Armour
   192 | D        | Reached XP level 5. HP: 56/56 MP: 4/4
   231 | D        | Found a roughly hewn altar of Beogh.
   231 | D        | Found a snail-covered altar of Cheibriados.
   231 | D        | Found a shadowy altar of Dithmenos.
   231 | D        | Found a white marble altar of Elyvilon.
   231 | D        | Found a blossoming altar of Fedhas.
   231 | D        | Found an opulent altar of Gozag.
   232 | D        | Found a hazy altar of Hepliaklqana.
   233 | D        | Found a viscous altar of Jiyva.
   234 | D        | Found an ancient bone altar of Kikubaaqudgha.
   235 | D        | Found a corrupted altar of Lugonu.
   236 | D        | Found a burning altar of Makhleb.
   237 | D        | Found a sparkling altar of Nemelex Xobeh.
   238 | D        | Found an iron altar of Okawaru.
   239 | D        | Found a stormy altar of Qazlal.
   240 | D        | Found a sacrificial altar of Ru.
   241 | D        | Found a deep blue altar of Sif Muna.
   242 | D        | Found a bloodstained altar of Trog.
   243 | D        | Found a hide-covered altar of Uskayaw.
   244 | D        | Found a radiant altar of Vehumet.
   245 | D        | Found an ornate altar of the Wu Jian Council.
   246 | D        | Found a shimmering altar of Xom.
   247 | D        | Found a basalt altar of Yredelemnul.
   248 | D        | Found a glowing silver altar of Zin.
   249 | D        | Found a glowing golden altar of the Shining One.
   270 | D        | Got the +1 broad axe of Defiance {holy, Fragile rPois rF+}
   282 | D        | Reached **** piety under Trog
   284 | D        | Reached skill level 10 in Axes
   284 | D        | Reached skill level 5 in Dodging
   285 | D        | Reached XP level 6. HP: 66/66 MP: 5/5
   291 | D        | Reached ***** piety under Trog
   291 | D        | Reached skill level 10 in Fighting
   337 | D        | Noticed an orc warrior
   337 | D        | Noticed a hornet
   339 | D        | Reached skill level 11 in Axes
   341 | D        | Killed an orc warrior
   344 | D        | Received a gift from Trog
   346 | D        | Reached skill level 12 in Axes
   351 | D        | Killed a hornet
   351 | D        | Reached XP level 7. HP: 70/75 MP: 6/6
   609 | D        | Noticed a yak
   609 | D        | Noticed a spiny frog
   609 | D        | Noticed a spiny frog
   614 | D        | Noticed a basilisk
   615 | D        | Killed a yak
   615 | D        | Reached skill level 13 in Axes
   620 | D        | Noticed a spiny frog
   620 | D        | Killed a spiny frog
   620 | D        | Reached skill level 14 in Axes
   620 | D        | Reached XP level 8. HP: 85/85 MP: 2/7
   621 | D        | Received a gift from Trog
   622 | D        | Noticed a four-headed hydra
   623 | D        | Killed a spiny frog
   623 | D        | Reached skill level 15 in Axes
   633 | D        | Mangled by a nine-headed hydra

Skill      XL: |  1  2  3  4  5  6  7  8 |
---------------+-------------------------+-----
Fighting       | 7 8 9 11 12 13 | 13.5
Axes           | 7 9 10 12 14 15 | 15.2
Armour         | 4 5 6 7 |  7.4
Dodging        | 3 4 5 6 7 |  7.5
Stealth        | |  0.5

Action                   |  1- 3 |  4- 6 |  7- 9 || total
-------------------------+-------+-------+-------++-------
Melee: Hand axe          |    20 |     5 |       ||    25
       Headbutt          |     1 |     2 |     4 ||     7
       Broad axe         |       |    16 |       ||    16
       Battleaxe         |       |       |    21 ||    21
Invok: Berserk           |     1 |     2 |     1 ||     4
  Eat: Chunk             |       |       |     2 ||     2
Armor: Animal skin       |     1 |       |     1 ||     2
Dodge: Dodged            |    11 |    11 |    12 ||    34
